 Dungeon Crawl Stone Soup version 0.32-a0-818-gb728d0252e (webtiles) character file.

Game seed: 11922220351112101736

119154 cforsyth the Convoker (level 16, -1/101 HPs)
             Began as a Deep Elf Summoner on Mar 24, 2024.
             Was a High Priest of Sif Muna.
             Killed from afar by a shock serpent (15 damage)
             ... with a bolt of electricity
             ... on level 2 of the Snake Pit on Mar 25, 2024.
             The game lasted 01:42:50 (35732 turns).

cforsyth the Convoker (Deep Elf Summoner)          Turns: 35732, Time: 01:42:51

Health: -1/101     AC: 14    Str:  7    XL:     16   Next: 27%
Magic:  10/35      EV: 18    Int: 33    God:    Sif Muna [*****.]
Gold:   900        SH:  5    Dex: 15    Spells: 5/42 levels left

rFire   + . .        S - +4 rapier of Painful Death {holy, rPois rN+}
rCold   . . .        (no shield)
rNeg    + . .        Z - +2 troll leather armour of Urenam {rF+ Regen+}
rPois   .            K - +0 helmet
rElec   .            m - +0 cloak
rCorr   .            i - +0 pair of gloves
SInv    .            X - +1 pair of boots {Fly}
Will    +....        O - amulet of reflection
Stlth   ++           I - +6 ring of intelligence
HPRegen 1.16/turn    T - +4 ring of protection
MPRegen 0.24/turn

%: reflection
@: lethally poisoned (-1 -> -19), poison vulnerable, forested, flying, studying
Axes
A: no striking features
a: Renounce Religion, Channel Magic, Forget Spell, Divine Exegesis


You were on level 2 of the Snake Pit.
You worshipped Sif Muna.
Sif Muna was extremely pleased with you.
You visited 5 branches of the dungeon, and saw 25 of its levels.
You also visited: Sewer.

You collected 2586 gold pieces.
You spent 1686 gold pieces at shops.


   Skills:
 + Level 11.8 Fighting
 + Level 16.6 Dodging
 - Level 3.0 Stealth
 + Level 13.9 Spellcasting
 - Level 4.0 Hexes
 + Level 19.0 Summonings
 - Level 4.0 Translocations
 - Level 4.0 Fire Magic
 - Level 4.0 Air Magic
 + Level 8.2 Invocations


You had 5 spell levels left.
You knew the following spells:

 Your Spells              Type           Power      Damage    Failure   Level
c - Call Imp              Summ           100%       N/A       0%          2
f - Call Canine Familiar  Summ           99%        N/A       0%          3
h - Summon Hydra          Summ           49%        N/A       1%          7
l - Summon Lightning Spi  Summ/Air       78%        N/A       1%          4
t - Summon Forest         Summ/Tloc      39%        N/A       1%          5
v - Summon Mana Viper     Hex/Summ       78%        N/A       1%          5
z - Summon Small Mammal   Summ           100%       N/A       0%          1
X - Summon Blazeheart Go  Fire/Summ      78%        N/A       1%          4
Y - Summon Cactus Giant   Summ           49%        N/A       1%          6

Your spell library contained the following spells:

 Spells                   Type           Power      Damage    Failure   Level
 Apportation              Tloc           98%        N/A       1%          1
 Foxfire                  Conj/Fire      100%       2x1d9     1%          1
 Slow                     Hex            100%       N/A       1%          1
 Mercury Vapours          Alch/Air       72%        N/A       1%          2
 Confusing Touch          Hex            49%        N/A       1%          3
 Inner Flame              Hex/Fire       49%        N/A       1%          3
 Sigil of Binding         Hex            49%        N/A       1%          3
 Tukima's Dance           Hex            49%        N/A       1%          3
 Volatile Blastmotes      Fire/Tloc      98%        2d18      1%          3
 Dazzling Flash           Conj/Hex       72%        N/A       3%          3
 Mephitic Cloud           Conj/Alch/Air  31%        N/A       4%          3
 Cause Fear               Hex            24%        N/A       5%          4
 Manifold Assault         Tloc           49%        N/A       5%          4
 Passage of Golubria      Tloc           49%        N/A       5%          4
 Vhi's Electric Charge    Tloc/Air       98%        N/A       5%          4
 Fugue of the Fallen      Necr           23%        N/A       9%          3
 Ozocubu's Armour         Ice            23%        N/A       9%          3
 Passwall                 Erth           23%        N/A       9%          3
 Silence                  Hex/Air        24%        N/A       16%         5
 Yara's Violent Unravell  Hex/Alch       18%        3d9       34%         5
 Freezing Cloud           Conj/Ice/Air   15%        6-21      43%         5
 Curse of Agony           Necr           23%        N/A       63%         5
 Plasma Beam              Fire/Air       24%        2x1d36    65%         6
 Starburst                Conj/Fire      18%        6d7       89%         6
 Bombard                  Conj/Erth      11%        9d3       99%         6
 Eringya's Noxious Bog    Alch           11%        4d6       99%         6

Inventory:

Hand Weapons
 v - the +6 long sword of the Globe {freeze, rElec rCorr Str-2 Stlth+}
   (You found it on level 7 of the Dungeon)

   Str-2:     It affects your strength (-2).
   rElec:     It insulates you from electricity.
   rCorr:     It protects you from acid and corrosion.
   Stlth+:    It makes you more stealthy.
 S - the +4 rapier of Painful Death (weapon) {holy, rPois rN+}
   (You found it on level 5 of the Lair of Beasts)

   rPois:     It protects you from poison.
   rN+:       It protects you from negative energy.
Armour
 i - a +0 pair of gloves (worn)
 m - a +0 cloak (worn)
 K - a +0 helmet (worn)
 V - the +1 robe of the Shimmering Gods {+Blink rPois rC+ Dex+3}
   (You found it on level 13 of the Dungeon)

   Dex+3:     It affects your dexterity (+3).
   rC+:       It protects you from cold.
   rPois:     It protects you from poison.
   +Blink:    It lets you blink.
 X - a +1 pair of boots of flying (worn)
 Z - the +2 troll leather armour of Urenam (worn) {rF+ Regen+}
   (You bought it in a shop on level 15 of the Dungeon)

   rF+:       It protects you from fire.
   Regen+:    It increases your rate of health regeneration.
Jewellery
 f - a ring of fire
 C - a ring of ice
 F - a ring of fire
 I - a +6 ring of intelligence (left hand)
 N - a ring of positive energy
 O - an amulet of reflection (around neck)
 P - an amulet of guardian spirit
 R - a ring of resist corrosion
 T - a +4 ring of protection (right hand)
Wands
 j - a wand of flame (19)
 o - a wand of light (5)
 w - a wand of mindburst (14)
 x - a wand of charming (17)
 A - a wand of polymorph (6)
 G - a wand of warping (11)
 Q - a wand of digging (12)
Scrolls
 a - 3 scrolls of fear
 c - 14 scrolls of teleportation {@r2}
 d - 4 scrolls of enchant weapon
 e - 2 scrolls of vulnerability
 g - 2 scrolls of immolation
 k - 2 scrolls of summoning
 r - a scroll of torment
 s - a scroll of revelation
 u - 3 scrolls of silence {!r}
 y - 5 scrolls of enchant armour
 z - 3 scrolls of blinking
 D - 5 scrolls of poison
 H - a scroll of identify {@r1}
 U - 2 scrolls of amnesia
 Y - a scroll of fog
Potions
 b - 5 potions of magic
 h - 3 potions of attraction
 l - 13 potions of curing {@q1}
 n - 3 potions of invisibility
 p - 4 potions of lignification
 q - 4 potions of might
 t - 4 potions of heal wounds {@q2}
 B - a potion of berserk rage {!q}
 J - a potion of mutation
 L - a potion of haste {@q3}
 M - a potion of cancellation
 W - a potion of brilliance
Miscellaneous
 E - a phantom mirror

Dungeon Overview and Level Annotations

Branches:
Dungeon (15/15)            Temple (1/1) D:4            Lair (5/5) D:11
  Swamp (0/4) Lair:2        Snake (2/4) Lair:3        Slime (0/5) Lair:4
    Orc (2/2) D:9             Elf (0/3) Orc:2        Vaults (0/5) D:14
 Depths (0/4) D:15          Sewer (visited)

Altars:
Ashenzari
Cheibriados
Dithmenos
Elyvilon
Fedhas
Gozag
Hepliaklqana
Kikubaaqudgha
Makhleb
Nemelex Xobeh
Okawaru
Qazlal
Ru
Sif Muna
Trog
Uskayaw
Vehumet
Wu Jian
Xom
Yredelemnul
Zin
The Shining One
Beogh

Shops:
D:4 :   D:9 [   D:15 [   Orc:1 ?   Orc:2 **[:(   Snake:1 :

Portals:
Abyss: D:3

#♣..'...SS.....
♣...#..........
##+++#♣''♣♣.....
#♣....♣...+.....
#.....'...# ..♣.
#..♣..'.S.♣ ♣++♣
#.....♣##R# #..##+++♣♣
#.....# #.# ♣..♣†~~..#
#.....#♣#.#♣#.@S≈≈..~+
#.....+.....<.S†§≈~~~+
#.....+...#♣#..'C)~.~+
##....##### ♣♣♣#~.~~.♣
###### ##♣♣♣#


You could see a shock serpent (ally target), a friendly mana viper (summoned)
and a friendly cactus giant (summoned).


Message History

The shock serpent's electric aura discharges, shocking you!
You feel very sick.
Your mana viper completely misses the shock serpent.
The black mamba bites you.
* * * LOW HITPOINT WARNING * * *
You are more poisoned.
The black mamba poisons you! The shock serpent bites you!
* * * LOW HITPOINT WARNING * * *
The shock serpent shocks you!
* * * LOW HITPOINT WARNING * * *
Your cactus giant closely misses the black mamba.
Your mana viper closely misses the shock serpent.
Your four-headed hydra misses the black mamba.
Your four-headed hydra bites the black mamba!
Your four-headed hydra barely misses the black mamba.
Your four-headed hydra closely misses the black mamba.
Unknown command.
Unknown command.
Unknown command.
You feel much better.
You feel extremely sick.
Your four-headed hydra disappears in a puff of smoke!
The black mamba is struck by your cactus giant's spines.
The black mamba dies!
Sif Muna accepts your kill.
The shock serpent shoots out a bolt of lightning at you!
The bolt of electricity hits you!!
* * * LOW HITPOINT WARNING * * *
The bolt of electricity hits you!
You die...

Skill      XL: |  1  2  3  4  5  6  7  8  9 10 11 12 13 14 15 16 |
---------------+-------------------------------------------------+-----
Stealth        | 3 |  3.0
Spellcasting   | 4 5 6 7 8 10 12 13 | 13.9
Summonings     | 5 6 7 9 11 13 17 18 19 | 19.0
Fire Magic     | 1 2 4 |  4.0
Air Magic      | 1 2 4 |  4.0
Hexes          | 4 |  4.0
Translocations | 4 |  4.0
Dodging        | 7 11 14 16 | 16.6
Fighting       | 4 7 10 11 | 11.8
Invocations    | 5 8 |  8.2

Action                     |  1- 3 |  4- 6 |  7- 9 | 10-12 | 13-15 | 16-18 || total
---------------------------+-------+-------+-------+-------+-------+-------++-------
  Melee: Unarmed           |    69 |    36 |       |       |       |       ||   105
         Long sword        |       |       |     6 |     7 |    47 |       ||    60
         Rapier            |       |       |       |       |       |    11 ||    11
   Cast: Summon Small Mamm |    44 |    32 |    78 |    17 |     3 |       ||   174
         Call Imp          |    11 |    24 |    46 |    33 |    13 |       ||   127
         Call Canine Famil |     8 |    18 |    32 |    35 |    23 |       ||   116
         Summon Blazeheart |       |       |     1 |    13 |    10 |       ||    24
         Summon Cactus Gia |       |       |       |    37 |   137 |    13 ||   187
         Summon Forest     |       |       |       |    34 |   102 |    10 ||   146
         Summon Mana Viper |       |       |       |    25 |   123 |     9 ||   157
         Summon Hydra      |       |       |       |       |     4 |     1 ||     5
  Evoke: Wand              |       |       |     1 |       |       |       ||     1
    Use: Scroll            |       |     6 |     3 |     6 |    12 |     1 ||    28
         Potion            |       |       |       |       |     1 |     2 ||     3
   Stab: Sleeping          |     2 |       |       |       |       |       ||     2
         Distracted        |       |       |     1 |     1 |     2 |       ||     4
 Armour: Robe              |    50 |    37 |       |       |       |       ||    87
         Troll leather arm |       |     6 |    39 |    33 |   167 |    21 ||   266
  Dodge: Dodged            |    59 |    45 |    33 |    17 |   201 |     6 ||   361
  Block: Other             |       |       |       |       |    39 |     2 ||    41
         Reflection        |       |       |       |       |     4 |       ||     4

Levels and vault maps discovered:
D:1:      spicycebolla_arrival_clurvy, layout_basic, roderic_lattice_a,
          minmay_misc_feat_four_crosses
D:2:      layout_rooms, hellmonk_ecumenical_altar_arch_garden,
          eino_tiny_chamber, kennysheep_nub
D:3:      layout_rooms, nicolae_overflow_hidden_temple,
          gammafunk_ghost_abyssal_escape
D:4:      layout_cave_pools, nicolae_qazlal_scattered_showers,
          minmay_temple_entry_waves, cheibrodos_sewer_entry_sluice,
          serial_shops, shop_fountains, hangedman_minor_gate_pass
D:5:      layout_loops_ring, st_stairs_8
D:6:      minmay_evil_eye, layout_basic, mainiacjoe_overflow_cross_hatched
D:7:      layout_rooms, slow_altar_1
D:8:      layout_basic, dreamdust_divine_triumvirate, bloody_makhleb,
          lemuel_doored_altar
D:9:      layout_basic, amethyst_overflow_temple_binary, orc_david_3,
          minmay_hedge_maze
D:10:     layout_roguey, general_overflow_altar, minmay_fountain_box
D:11:     layout_gridville, hellmonk_lair_entry_icy
D:12:     layout_stronghold, uniq_snorg
D:13:     layout_loops_ring, nicolae_hexahallways, chequers_jeans, uniq_nessos,
          uniq_azrael, uniq_erolcha
D:14:     layout_basic, hangedman_vaults_entry_quadrant_bands,
          serial_park_square3 [serial_park_minivault_5x5_1],
          gammafunk_ghost_icy, uniq_josephine
D:15:     hangedman_depths_entry_civil_slaughter, layout_loops_cross,
          palyth_stone_intersect, serial_shops, shop, minmay_gold_behind_fungi,
          chequers_serial_rivers_small_b
Temple:   nicolae_temple_superstar
Lair:1:   layout_cave_pods, patterned_corridor, uniq_jeremiah
Lair:2:   layout_cave_pods, minmay_swamp_entry_worms, grunt_megastairs_3,
          uniq_prince_ribbit2
Lair:3:   layout_hall_layers, guppyfry_snake_entry_island, serial_bayou_pond_e,
          nicolae_lair_grazing_beasts [nicolae_sub_lair_graze_edge,
          nicolae_sub_lair_graze_edge, nicolae_sub_lair_graze_edge,
          nicolae_sub_lair_graze_edge], grunt_megastairs_1
Lair:4:   layout_long_grid, slime_entry_1
Lair:5:   gammafunk_lair_ancient_temple, layout_regular_city
Snake:1:  layout_rooms, nicolae_shop_i_like_small_books_too, grunt_megastairs_5,
          serial_bayou_shore_b, uniq_jorgrun, uniq_aizul, uniq_frances
Snake:2:  layout_gridlike, minmay_shop_star, uniq_vashnia, uniq_nikola
Orc:1:    layout_caves, serial_shops, shop, mines1_david
Orc:2:    st_orc_congregation, layout_caves, serial_shops, shop

Notes
Turn   | Place    | Note
-------+----------+-------------------------------------------
     0 | D:1      | cforsyth the Deep Elf Summoner began the quest for the Orb.
     0 | D:1      | Reached XP level 1. HP: 10/10 MP: 6/6
   259 | D:1      | Reached XP level 2. HP: 14/15 MP: 5/8
   494 | D:1      | Reached skill level 3 in Stealth
   499 | D:1      | Learned a level 2 spell: Call Imp
   680 | D:1      | Reached XP level 3. HP: 5/19 MP: 5/10
   760 | D:1      | Learned a level 3 spell: Call Canine Familiar
  1471 | D:2      | Reached skill level 4 in Spellcasting
  1552 | D:2      | Reached skill level 5 in Summonings
  1736 | D:2      | Found a faded altar of an unknown god.
  1882 | D:2      | Reached XP level 4. HP: 24/24 MP: 8/12
  2296 | D:3      | Found a transporter.
  2368 | D:3      | Found a one-way gate to the infinite horrors of the Abyss.
  2368 | D:3      | Noticed Chish's ghost (amateur FoFi)
  2485 | D:3      | Reached skill level 5 in Spellcasting
  2591 | D:3      | Found a shimmering altar of Xom.
  2600 | D:3      | Found a basalt altar of Yredelemnul.
  2722 | D:3      | Reached XP level 5. HP: 28/28 MP: 14/14
  3016 | D:4      | Found a stormy altar of Qazlal.
  3099 | D:4      | Found a staircase to the Ecumenical Temple.
  3136 | D:4      | Reached skill level 6 in Summonings
  3171 | D:4      | Found a glowing drain.
  3227 | Sewer    | Entered a sewer
  3240 | Sewer    | Reached skill level 6 in Spellcasting
  3240 | Sewer    | Reached XP level 6. HP: 26/32 MP: 6/17
  3457 | Sewer    | Noticed Pargi
  3470 | Sewer    | Killed Pargi
  3471 | Sewer    | Reached skill level 7 in Spellcasting
  3562 | D:4      | Found Taos's Book Emporium.
  3931 | D:5      | Entered Level 5 of the Dungeon
  4020 | D:5      | Reached skill level 7 in Summonings
  4020 | D:5      | Reached skill level 1 in Fire Magic
  4020 | D:5      | Reached skill level 1 in Air Magic
  4020 | D:5      | Reached XP level 7. HP: 36/36 MP: 12/19
  4025 | D:5      | Learned a level 4 spell: Summon Blazeheart Golem
  4030 | D:5      | Learned a level 4 spell: Summon Lightning Spire
  4331 | D:5      | Reached skill level 2 in Fire Magic
  4361 | D:5      | Reached skill level 2 in Air Magic
  4749 | D:5      | You fall into a shaft and drop 3 floors!
  4780 | D:7      | Reached skill level 8 in Spellcasting
  4822 | D:7      | Identified the +6 long sword of the Globe {freeze, rElec
                  | rCorr Str-2 Stlth+}
  4914 | D:6      | Found a shadowy altar of Dithmenos.
  4942 | D:6      | Reached XP level 8. HP: 41/41 MP: 17/22
  5017 | D:6      | Reached skill level 3 in Fire Magic
  5017 | D:6      | Reached skill level 3 in Air Magic
  5074 | D:6      | Reached skill level 8 in Summonings
  5235 | D:6      | Reached skill level 4 in Fire Magic
  5249 | D:6      | Reached skill level 9 in Spellcasting
  5249 | D:6      | Reached skill level 4 in Air Magic
  5529 | D:6      | Noticed a komodo dragon
  5918 | D:6      | Killed a komodo dragon
  5919 | D:6      | Reached skill level 10 in Spellcasting
  5919 | D:6      | Reached skill level 9 in Summonings
  5919 | D:6      | Reached XP level 9. HP: 45/45 MP: 5/25
  6927 | D:7      | Reached skill level 11 in Spellcasting
  7002 | D:7      | Found a snail-covered altar of Cheibriados.
  7027 | D:7      | Reached skill level 10 in Summonings
  7095 | D:8      | Noticed a two-headed ogre
  7108 | D:8      | Killed a two-headed ogre
  7161 | D:8      | Found a white marble altar of Elyvilon.
  7163 | D:8      | Found a glowing silver altar of Zin.
  7163 | D:8      | Found a glowing golden altar of the Shining One.
  7314 | D:8      | Reached skill level 12 in Spellcasting
  7429 | D:8      | Found a bloodstained altar of Trog.
  7815 | D:8      | Reached skill level 11 in Summonings
  7821 | D:8      | Reached XP level 10. HP: 50/50 MP: 20/28
  8220 | D:8      | Found a burning altar of Makhleb.
  8743 | D:9      | Found Niyvocea's Armour Boutique.
  8743 | D:9      | Found a staircase to the Orcish Mines.
  8903 | D:4      | Bought a book of the Wilderness for 532 gold pieces
  9439 | D:9      | Reached skill level 1 in Hexes
  9439 | D:9      | Reached skill level 1 in Translocations
  9443 | D:9      | Reached skill level 2 in Hexes
  9468 | D:9      | Reached skill level 2 in Translocations
  9471 | D:9      | Reached skill level 3 in Hexes
  9653 | D:9      | Found a broken altar of Ashenzari.
  9663 | D:9      | Found a blossoming altar of Fedhas.
  9742 | D:9      | Reached skill level 3 in Translocations
  9751 | D:9      | Reached skill level 4 in Hexes
  9751 | D:9      | Reached skill level 12 in Summonings
  9965 | D:9      | Reached skill level 4 in Translocations
  9966 | D:9      | Noticed a manticore
  9971 | D:9      | Killed a manticore
 10100 | D:9      | Identified the +1 scale mail "Finuc" {+Inv rPois rCorr
                  | SInv}
 10317 | D:9      | Noticed a centaur warrior
 10334 | D:9      | Learned a level 6 spell: Summon Cactus Giant
 10359 | D:9      | Killed a centaur warrior
 10360 | D:9      | Reached skill level 13 in Summonings
 10424 | D:9      | Learned a level 5 spell: Summon Forest
 10430 | D:9      | Learned a level 5 spell: Summon Mana Viper
 10463 | D:10     | Entered Level 10 of the Dungeon
 10707 | D:10     | Noticed a gargoyle
 10708 | D:10     | Noticed a two-headed ogre
 10714 | D:10     | Killed a two-headed ogre
 10714 | D:10     | Killed a gargoyle
 10715 | D:10     | Reached XP level 11. HP: 54/54 MP: 8/29
 11019 | D:10     | Reached skill level 14 in Summonings
 11377 | D:10     | Found a radiant altar of Vehumet.
 11814 | D:11     | Reached skill level 15 in Summonings
 12030 | D:11     | Found a staircase to the Lair.
 12108 | D:11     | Noticed a two-headed ogre
 12114 | D:11     | Killed a two-headed ogre
 12191 | D:11     | Noticed a two-headed ogre
 12202 | D:11     | Killed a two-headed ogre
 12203 | D:11     | Reached skill level 16 in Summonings
 12637 | D:11     | Noticed a green ugly thing
 12647 | D:11     | Killed a green ugly thing
 12900 | Temple   | Entered the Ecumenical Temple
 12925 | Temple   | Became a worshipper of Sif Muna the Loreminder
 13172 | D:12     | Noticed a two-headed ogre
 13181 | D:12     | Killed a two-headed ogre
 13784 | D:12     | Noticed Snorg
 13792 | D:12     | Killed Snorg
 13793 | D:12     | Reached skill level 17 in Summonings
 13793 | D:12     | Reached XP level 12. HP: 56/59 MP: 11/30
 14283 | D:12     | Identified the +5 scale mail of Context {Regen+ Str-4
                  | Dex+3}
 14533 | D:12     | Noticed a two-headed ogre
 14535 | D:12     | Noticed an ogre mage
 14538 | D:12     | Noticed a two-headed ogre
 14540 | D:12     | Noticed a two-headed ogre
 14540 | D:12     | Noticed a two-headed ogre
 14541 | D:12     | Killed a two-headed ogre
 14542 | D:12     | Killed an ogre mage
 14546 | D:12     | Killed a two-headed ogre
 14556 | D:12     | Killed a two-headed ogre
 14557 | D:12     | Reached skill level 18 in Summonings
 14558 | D:12     | Killed a two-headed ogre
 14656 | D:12     | Noticed a boulder beetle
 14668 | D:12     | Killed a boulder beetle
 14936 | D:12     | Reached skill level 3 in Dodging
 15187 | Lair:1   | Entered Level 1 of the Lair of Beasts
 15193 | Lair:1   | Reached skill level 1 in Fighting
 15294 | Lair:1   | Reached skill level 4 in Dodging
 15307 | Lair:1   | Reached skill level 2 in Fighting
 15368 | Lair:1   | Reached skill level 5 in Dodging
 15462 | Lair:1   | Reached * piety under Sif Muna
 15673 | Lair:1   | Reached skill level 3 in Fighting
 15728 | Lair:1   | Noticed Jeremiah
 15736 | Lair:1   | Killed Jeremiah
 15882 | Lair:1   | Reached skill level 6 in Dodging
 16015 | Lair:1   | Reached skill level 4 in Fighting
 16681 | Lair:2   | Reached skill level 7 in Dodging
 16682 | Lair:2   | Reached XP level 13. HP: 70/70 MP: 12/31
 16927 | Lair:2   | Reached skill level 5 in Fighting
 16927 | Lair:2   | Reached skill level 8 in Dodging
 17092 | Lair:2   | Noticed Prince Ribbit
 17096 | Lair:2   | Killed Prince Ribbit
 17336 | Lair:2   | Reached skill level 9 in Dodging
 17440 | Lair:2   | Found a staircase to the Swamp.
 17459 | Lair:2   | Reached skill level 6 in Fighting
 17591 | Lair:2   | Reached ** piety under Sif Muna
 18563 | Lair:3   | Reached skill level 10 in Dodging
 18575 | Lair:3   | Reached skill level 7 in Fighting
 18943 | Lair:3   | Found a staircase to the Snake Pit.
 19289 | Lair:3   | Reached skill level 11 in Dodging
 20468 | Lair:4   | Reached *** piety under Sif Muna
 20511 | Lair:4   | Reached XP level 14. HP: 83/83 MP: 5/32
 20667 | Lair:4   | Reached skill level 8 in Fighting
 21090 | Lair:4   | Found a staircase to the Slime Pits.
 21118 | Lair:4   | Reached skill level 12 in Dodging
 21478 | Lair:5   | Entered Level 5 of the Lair of Beasts
 22437 | Lair:5   | Reached **** piety under Sif Muna
 22439 | Lair:5   | Reached skill level 9 in Fighting
 22439 | Lair:5   | Reached skill level 13 in Dodging
 22715 | Lair:5   | Reached skill level 1 in Invocations
 22742 | Lair:5   | Reached skill level 2 in Invocations
 22885 | Lair:5   | Reached skill level 3 in Invocations
 23543 | Lair:5   | Identified the +1 scale mail of Cev Osm {rPois Stlth+}
 23545 | Lair:5   | Got Dukhiyt's Volume of Ashes
 23546 | Lair:5   | Identified the +4 rapier of Painful Death {holy, rPois rN+}
 23732 | Orc:1    | Entered Level 1 of the Orcish Mines
 23944 | Orc:1    | Reached ***** piety under Sif Muna
 23999 | Orc:1    | Found a roughly hewn altar of Beogh.
 24124 | Orc:2    | Entered Level 2 of the Orcish Mines
 24124 | Orc:2    | Found Cuplu's Assorted Antiques.
 24479 | Orc:2    | Received a gift from Sif Muna
 24586 | Orc:2    | Bought a scroll labelled NEGUWN INNEXZO for 24 gold pieces
 24714 | Orc:2    | Reached skill level 4 in Invocations
 24904 | Orc:2    | Noticed an orc warlord
 25037 | Orc:1    | Killed an orc warlord
 25038 | Orc:1    | Reached skill level 14 in Dodging
 25382 | Orc:1    | Reached skill level 5 in Invocations
 25706 | Orc:1    | Reached skill level 10 in Fighting
 25733 | Orc:1    | Received a gift from Sif Muna
 25747 | Orc:1    | Got Enysann's Incunabulum of the Curse {god gift}
 26475 | Orc:2    | Found Tuboifu's General Store.
 26476 | Orc:2    | Found Siebuf's Book Boutique.
 26478 | Orc:2    | Found Aboevuif's Antique Armour Boutique.
 26478 | Orc:2    | Found Hioledau's Antique Weapon Shop.
 26613 | Orc:2    | Reached XP level 15. HP: 92/92 MP: 17/33
 26791 | Orc:2    | Found a staircase to the Elven Halls.
 26823 | Orc:1    | Found Impext's Magic Scroll Emporium.
 28081 | Orc:2    | Bought a slimy quarterstaff for 306 gold pieces
 28081 | Orc:2    | Identified the +6 quarterstaff of Maehof {freeze, Dex+6}
                  | (You bought it in a shop on level 2 of the Orcish Mines)
 28121 | Orc:2    | Bought a scroll of identify for 48 gold pieces
 28121 | Orc:2    | Bought a scroll of identify for 48 gold pieces
 28121 | Orc:2    | Bought a scroll of identify for 48 gold pieces
 28361 | D:13     | Noticed Erolcha
 28368 | D:13     | Killed Erolcha
 28369 | D:13     | Reached skill level 6 in Invocations
 28852 | D:13     | Identified the +1 robe of the Shimmering Gods {+Blink rPois
                  | rC+ Dex+3}
 29137 | D:13     | Noticed Nessos
 29152 | D:13     | Killed Nessos
 29277 | D:13     | Noticed Azrael
 29296 | D:13     | Killed Azrael
 29772 | D:14     | Reached skill level 7 in Invocations
 29782 | D:14     | Reached skill level 15 in Dodging
 30284 | D:14     | Noticed Josephine
 30298 | D:14     | Killed Josephine
 30597 | D:14     | Found a runed translucent gate.
 30597 | D:14     | Found a runed translucent gate.
 30597 | D:14     | Found a runed translucent gate.
 30748 | D:14     | Reached skill level 8 in Invocations
 30757 | D:14     | Reached skill level 11 in Fighting
 30851 | D:14     | Received a gift from Sif Muna
 30908 | D:14     | Got Sif Muna's Secrets of Hindering Relocation {god gift}
 30920 | D:14     | Found a gate to the Vaults.
 31330 | D:14     | Noticed a frost giant
 31330 | D:14     | Noticed jlumianski's ghost (journeyman CoGl)
 31481 | D:14     | Killed a frost giant
 31536 | D:14     | Killed jlumianski's ghost
 32135 | D:3      | Found an iron altar of Okawaru.
 32135 | D:3      | Found an ancient bone altar of Kikubaaqudgha.
 32137 | D:3      | Found a hide-covered altar of Uskayaw.
 32266 | D:3      | Found a transporter.
 32315 | D:3      | Killed Chish's ghost
 32734 | D:15     | Entered Level 15 of the Dungeon
 32735 | D:15     | Found Oqaed's Antique Armour Emporium.
 32739 | D:15     | Bought a crude troll leather armour for 680 gold pieces
 32739 | D:15     | Identified the +2 troll leather armour of Urenam {rF+
                  | Regen+} (You bought it in a shop on level 15 of the
                  | Dungeon)
 32762 | D:15     | Learned a level 7 spell: Summon Hydra
 32806 | D:15     | Reached skill level 16 in Dodging
 32893 | D:15     | Reached skill level 13 in Spellcasting
 34018 | D:15     | Found a staircase to the Depths.
 34325 | Snake:1  | Entered Level 1 of the Snake Pit
 34330 | Snake:1  | Noticed Jorgrun
 34332 | Snake:1  | Noticed Frances
 34335 | Snake:1  | Killed Jorgrun
 34336 | Snake:1  | Reached XP level 16. HP: 83/100 MP: 6/35
 34339 | Snake:1  | Killed Frances
 34735 | Snake:1  | Identified the serpent talisman "Lor Vitu" {*Slow rC+ rN++
                  | rCorr}
 34735 | Snake:1  | Noticed Aizul
 34749 | Snake:1  | Killed Aizul
 35295 | Snake:1  | Found Hemanu's Tiny Tomes.
 35731 | Snake:2  | Reached skill level 19 in Summonings
 35732 | Snake:2  | Killed from afar by a shock serpent

Vanquished Creatures
  A death yak (Lair:3)
  A manticore (D:9)
  2 trolls (D:9)
  7 yaks
  A water moccasin (Lair:4)
  An ice beast (D:7)
  2 bullfrogs
  A gnoll bouda (D:9)
  2 orc wizards
  3 gnolls
  An adder (D:6)
  5 orcs
  2 ball pythons
  A giant cockroach (Sewer)
  2 hobgoblins
  A quokka (D:2)
  A kobold (D:1)
  3 rats (D:1)
37 creatures vanquished.

Vanquished Creatures (collateral kills)
  Jorgrun (Snake:1)
  Frances (Snake:1)
  Aizul (Snake:1)
  A frost giant (D:14)
  An orc warlord (Orc:1)
  The ghost of jlumianski the Cleaver, a journeyman CoGl of Qazlal (D:14)
  Nessos (D:13)
  Azrael (D:13)
  Snorg (D:12)
  A blizzard demon (D:14)
  Josephine (D:14)
  2 ettins
  Erolcha (D:13)
  3 hydras
  2 ogre magi
  A merfolk avatar (Lair:5)
  A death knight (D:14)
  2 centaur warriors
  3 boulder beetles
  2 anacondas (Snake:1)
  11 two-headed ogres
  10 death yaks
  5 orc high priests
  3 tengu warriors
  A naga sharpshooter (Snake:1)
  A shock serpent (Snake:1)
  3 occultists (D:15)
  2 naga warriors (Snake:1)
  2 skysharks
  A skeletal warrior (D:14)
  3 mana vipers
  2 sea snakes (Lair:5)
  A naga ritualist (Snake:2)
  An obsidian bat (Orc:1)
  3 deep elf pyromancers
  4 orc knights
  3 cyclopes
  14 ugly things
  5 orc sorcerers
  9 elephants
  5 manticores
  2 salamanders (Snake:1)
  14 black mambas
  2 naga magi
  14 cane toads
  5 gargoyles
  Jeremiah (Lair:1)
  4 centaur skeletons (D:14)
  18 komodo dragons
  An ice devil (D:14)
  4 yaktaurs (D:14)
  5 rime drakes
  2 kobold demonologists
  3 tengu conjurers (D:15)
  3 trolls
  2 hornets (Lair:5)
  4 polar bears
  A tyrant leech (Lair:2)
  2 wolf spider simulacra
  Prince Ribbit (Lair:2)
  2 wind drakes (Lair:5)
  5 dream sheep (Lair:5)
  14 blink frogs
  6 slime creatures
  4 centaur simulacra (D:14)
  A vampire (D:13)
  6 wraiths
  10 basilisks
  55 yaks
  The ghost of Chish the Trooper, an amateur FoFi of Makhleb (D:3)
  6 steam dragons
  2 wargs
  10 wyverns
  6 fire elementals
  A swamp worm (Lair:2)
  3 vampire mosquitoes (D:12)
  11 nagas
  An acid dragon (D:10)
  An acid dragon (shapeshifter) (D:15)
  7 water moccasins
  Pargi (Sewer)
  3 hell hounds (D:13)
  A meliai simulacrum (D:14)
  40 orc warriors
  7 ice beasts
  14 ogres
  2 laughing skulls (D:14)
  6 black bears
  A centaur (D:6)
  2 wolves (D:11)
  A phantom (D:5)
  4 kobold brigands
  3 scorpions
  9 bullfrogs
  2 brain worms (Sewer)
  2 gnoll sergeants
  3 bombardier beetles
  19 orc priests
  2 hounds
  5 jellies
  2 gnoll boudas
  3 sleepcaps
  30 orc wizards
  2 iguanas
  26 gnolls
  2 adders (D:2)
  3 shadow imps (D:3)
  A white imp (D:6)
  4 ufetubi
  4 dart slugs
  4 ribbon worms
  81 orcs
  6 bats
  7 endoplasms
  4 giant cockroaches
  6 goblins
  3 hobgoblins
  7 quokkas
  4 ball pythons
  4 frilled lizards
  16 kobolds
  5 rats
708 creatures vanquished.

Vanquished Creatures (others)
  An orc wizard (Orc:2)
  12 blazeheart cores
  13 snaplasher vines
26 creatures vanquished.

Grand Total: 771 creatures vanquished

Table legend: (Time is in decaauts)
 A = Elapsed time spent in this place.
 B = Non-inter-level travel time spent in this place.
 C = Inter-level travel time spent in this place.
 D = Time resting spent in this place.
 E = Time spent auto-exploring this place.
 F = Levels seen in this place.
 G = Mean time per level.
                   A        B        C        D        E       F      G
               +--------+--------+--------+--------+--------+-----+--------+
         Total |  35865 |  33466 |   2399 |   4553 |  22521 |  26 | 1379.4 |
       Dungeon |  21059 |  19131 |   1928 |   1498 |  13722 |  15 | 1403.9 |
        Temple |     50 |      1 |     49 |      0 |      0 |   1 |   50.0 |
          Lair |   8751 |   8474 |    277 |    967 |   6360 |   5 | 1750.2 |
     Snake Pit |   1265 |   1215 |     50 |    214 |    752 |   2 |  632.5 |
  Orcish Mines |   4418 |   4325 |     93 |   1874 |   1550 |   2 | 2209.0 |
         Sewer |    319 |    319 |      0 |      0 |    137 |   1 |  319.0 |
               +--------+--------+--------+--------+--------+-----+--------+

Top non-repeatable levels by time:
   Orc:2: 2306 daAuts
    D:14: 2219 daAuts
    D:12: 2218 daAuts
  Lair:5: 2160 daAuts
   Orc:1: 2112 daAuts
  Lair:3: 1968 daAuts
     D:6: 1715 daAuts
  Lair:2: 1709 daAuts
  Lair:1: 1665 daAuts
     D:9: 1587 daAuts
    D:13: 1484 daAuts
     D:8: 1457 daAuts
    D:15: 1445 daAuts
     D:1: 1369 daAuts
    D:11: 1343 daAuts

Table legend:
 A = Non-vault XP
 B = Vault XP
 C = Vault XP percentage of total XP
 D = Non-vault monster count
 E = Vault monster count
 F = Vault count percentage of total count
                 A         B        C        D         E       F
            +---------+---------+-------+---------+---------+-------
      Total |  111613 |   59076 |  34.6 |     531 |     214 |  28.7
            +---------+---------+-------+---------+---------+-------
        D:1 |      58 |       0 |   0.0 |      28 |       0 |   0.0
        D:2 |      53 |       0 |   0.0 |      16 |       0 |   0.0
        D:3 |      93 |     226 |  70.8 |      23 |       5 |  17.9
        D:4 |     112 |      67 |  37.4 |      12 |       9 |  42.9
        D:5 |     600 |       0 |   0.0 |      16 |       0 |   0.0
        D:6 |    1373 |     320 |  18.9 |      20 |       5 |  20.0
        D:7 |     892 |      54 |   5.7 |      30 |       1 |   3.2
        D:8 |    2382 |       0 |   0.0 |      17 |       0 |   0.0
        D:9 |    4446 |     121 |   2.6 |      24 |       4 |  14.3
       D:10 |    3133 |       0 |   0.0 |      18 |       0 |   0.0
       D:11 |    3484 |    1960 |  36.0 |       8 |      11 |  57.9
       D:12 |    9435 |     961 |   9.2 |      21 |       1 |   4.5
       D:13 |    4347 |    3905 |  47.3 |      10 |      11 |  52.4
       D:14 |    9469 |   15617 |  62.3 |      20 |      38 |  65.5
       D:15 |    9031 |    2789 |  23.6 |      21 |       5 |  19.2
     Lair:1 |    7492 |     394 |   5.0 |      24 |       1 |   4.0
     Lair:2 |   10269 |    2565 |  20.0 |      24 |      11 |  31.4
     Lair:3 |    4335 |    5288 |  55.0 |      22 |      10 |  31.2
     Lair:4 |    8077 |       0 |   0.0 |      27 |       0 |   0.0
     Lair:5 |   11638 |    7302 |  38.6 |      41 |      18 |  30.5
    Snake:1 |    7964 |    5919 |  42.6 |      17 |       5 |  22.7
    Snake:2 |    5359 |       0 |   0.0 |      12 |       0 |   0.0
      Orc:1 |    4527 |    2868 |  38.8 |      47 |      12 |  20.3
      Orc:2 |    3044 |    8400 |  73.4 |      33 |      59 |  64.1
      Sewer |       0 |     320 | 100.0 |       0 |       8 | 100.0
            +---------+---------+-------+---------+---------+-------
